[Event "GER-ch Youth-U18w 2023"]
[Site "Willingen"]
[Date "2023.05.28"]
[Round "1.1"]
[White "Petersen, Sophie"]
[Black "Doll, Rebecca"]
[Result "0-1"]
[Annotator "RC"]
[ECO "C45"]
[WhiteElo "1763"]
[BlackElo "1918"]
[PlyCount "35"]
[EventDate "2022.06.05"]
[EventType "swiss"]
[EventRounds "9"]
[EventCountry "GER"]
[SourceTitle "playchess.com"]
[Source "ChessBase"]
[SourceQuality "1"]
[TimeControl "40/4500+30:900+30"]

1. e4 e5 2. Nf3 Nc6 3. d4 exd4 4. Nxd4 Nf6 5. Nxc6 bxc6 6. e5 Qe7 7. Qe2 Nd5 8. c4 Nb6 9. Nc3 Qe6 10. Qe4 g6 11. Bd3 Bg7 12. f4 O-O 13. O-O f5 14. exf6 Qxf6 15. f5 Qd4+ 16. Kh1 Ba6 17. Qxd4 Bxd4 18. Bh6 0-1

[Event "GER-ch Youth-U18w 2023"]
[Site "Willingen"]
[Date "2023.05.28"]
[Round "1.2"]
[White "Heutling, Elina"]
[Black "Henninger, Claire"]
[Result "1-0"]
[Annotator "NA RC"]
[ECO "B11"]
[WhiteElo "1878"]
[BlackElo "1610"]
[PlyCount "28"]
[EventDate "2022.06.05"]
[EventType "swiss"]
[EventRounds "9"]
[EventCountry "GER"]
[SourceTitle "playchess.com"]
[Source "ChessBase"]
[SourceQuality "1"]
[TimeControl "40/4500+30:900+30"]

1. e4 c6 2. Nf3 d5 3. Nc3 dxe4 4. Nxe4 Nf6 5. Qe2 e6 6. Nxf6+ Qxf6 7. d4 h6 8. Qe4 Bd6 9. Bd3 Nd7 10. O-O Qe7 11. Ne5 Nf6 12. Qf3 Qc7 13. Qe4 Qe7 14. Qf3 Qc7 1-0

[Event "GER-ch Youth-U18w 2023"]
[Site "Willingen"]
[Date "2023.05.28"]
[Round "1.3"]
[White "Glowiak, Alexandra"]
[Black "Groeschel, Karoline"]
[Result "0-1"]
[Annotator "NA RC"]
[ECO "B42"]
[WhiteElo "1660"]
[BlackElo "1892"]
[PlyCount "29"]
[EventDate "2022.06.05"]
[EventType "swiss"]
[EventRounds "9"]
[EventCountry "GER"]
[SourceTitle "playchess.com"]
[Source "ChessBase"]
[SourceQuality "1"]
[TimeControl "40/4500+30:900+30"]

1. e4 c5 2. Nf3 e6 3. d4 cxd4 4. Nxd4 a6 5. Bd3 Bc5 6. Nb3 Ba7 7. c4 Nc6 8. Nc3 Nge7 9. O-O O-O 10. Kh1 f5 11. f4 Qc7 12. Bd2 Nb4 13. Be2 Nec6 14. Bd3 Ne7 15. Be2 0-1

[Event "GER-ch Youth-U18w 2023"]
[Site "Willingen"]
[Date "2023.05.28"]
[Round "1.4"]
[White "Peglau, Mirjam"]
[Black "Zoellner, Bente"]
[Result "1-0"]
[Annotator "RC"]
[ECO "A30"]
[WhiteElo "1932"]
[BlackElo "1700"]
[PlyCount "32"]
[EventDate "2022.06.05"]
[EventType "swiss"]
[EventRounds "9"]
[EventCountry "GER"]
[SourceTitle "playchess.com"]
[Source "ChessBase"]
[SourceQuality "1"]
[TimeControl "40/4500+30:900+30"]

1. b3 c5 2. Bb2 Nc6 3. c4 Nf6 4. Nf3 g6 5. Nc3 Bg7 6. Ne4 d6 7. g3 O-O 8. Nxf6+ exf6 9. Bg2 Rb8 10. O-O Be6 11. Qc1 Ne5 12. d4 Nxf3+ 13. Bxf3 b5 14. cxb5 Rxb5 15. dxc5 dxc5 16. e3 Bh3 1-0

[Event "GER-ch Youth-U18w 2023"]
[Site "Willingen"]
[Date "2023.05.28"]
[Round "1.5"]
[White "Derling, Charlotte"]
[Black "Reuter, Elisa"]
[Result "1/2-1/2"]
[Annotator "RC"]
[ECO "B38"]
[WhiteElo "1664"]
[BlackElo "1944"]
[PlyCount "32"]
[EventDate "2022.06.05"]
[EventType "swiss"]
[EventRounds "9"]
[EventCountry "GER"]
[SourceTitle "playchess.com"]
[Source "ChessBase"]
[SourceQuality "1"]
[TimeControl "40/4500+30:900+30"]

1. e4 c5 2. Nf3 Nc6 3. d4 cxd4 4. Nxd4 g6 5. c4 Bg7 6. Be3 Nf6 7. Nc3 d6 8. Be2 O-O 9. O-O Bd7 10. Nc2 a5 11. Qd2 a4 12. f3 Qa5 13. Rab1 Rfc8 14. b3 axb3 15. axb3 Be6 16. Ra1 Qd8 1/2-1/2

[Event "GER-ch Youth-U18w 2023"]
[Site "Willingen"]
[Date "2023.05.28"]
[Round "1.6"]
[White "Buchholz, Maja Patricia"]
[Black "Dohon, Maria-Johanna"]
[Result "1-0"]
[Annotator "NA RC"]
[ECO "E60"]
[WhiteElo "1899"]
[BlackElo "1507"]
[PlyCount "80"]
[EventDate "2022.06.05"]
[EventType "swiss"]
[EventRounds "9"]
[EventCountry "GER"]
[SourceTitle "playchess.com"]
[Source "ChessBase"]
[SourceQuality "1"]
[TimeControl "40/4500+30:900+30"]

1. c4 Nf6 2. g3 g6 3. Bg2 Bg7 4. Nc3 O-O 5. d4 d6 6. Nf3 c5 7. O-O Nc6 8. e3 cxd4 9. Nxd4 Bd7 10. b3 a6 11. Bb2 Rc8 12. h3 Qc7 13. Rc1 Qb8 14. Re1 Rfd8 15. Kh2 e5 16. Nc2 Ne7 17. e4 Bh6 18. Ne3 Nh5 19. Bf3 Nf6 20. Rc2 Be6 21. Rd2 Ne8 22. Rd3 f5 23. Re2 Nc6 24. Ncd5 b5 25. Bc3 Qa7 26. Kg2 Rb8 27. Rc2 b4 28. Bb2 a5 29. Rcd2 Qf7 30. Rc2 Qa7 31. Re2 Qf7 32. Nc2 Ne7 33. Nce3 Nc6 34. Qa1 Bg7 35. Red2 h6 36. Qd1 Kh7 37. exf5 gxf5 38. Nf6+ Bxf6 39. Bxc6 Be7 40. Bxe5 Qg6 1-0

[Event "GER-ch Youth-U18w 2023"]
[Site "Willingen"]
[Date "2023.05.28"]
[Round "1.7"]
[White "Hafermann, Lara"]
[Black "Wagner, Margarethe"]
[Result "0-1"]
[Annotator "NA RC"]
[ECO "B90"]
[WhiteElo "1498"]
[BlackElo "1831"]
[PlyCount "80"]
[EventDate "2022.06.05"]
[EventType "swiss"]
[EventRounds "9"]
[EventCountry "GER"]
[SourceTitle "playchess.com"]
[Source "ChessBase"]
[SourceQuality "1"]
[TimeControl "40/4500+30:900+30"]

1. e4 c5 2. Nf3 d6 3. d4 cxd4 4. Nxd4 Nf6 5. Nc3 a6 6. Qf3 g6 7. h3 Bg7 8. Bg5 Nbd7 9. O-O-O O-O 10. g4 Qa5 11. Qe3 Nc5 12. f3 Ne6 13. h4 Re8 14. Nb3 Qc7 15. h5 Nxg5 16. Qxg5 h6 17. Qd2 g5 18. Nd4 e6 19. Nde2 Rd8 20. e5 Ne8 21. f4 gxf4 22. Qxf4 dxe5 23. Qe3 Rxd1+ 24. Nxd1 Nf6 25. g5 Nd5 26. Qg3 e4 27. Qg2 hxg5 28. Qxg5 Qe7 29. Qg2 Kh8 30. h6 Bf6 31. Qxe4 Bd7 32. Nec3 Nxc3 33. Qxb7 Nxa2+ 34. Kb1 Rd8 35. Kxa2 Qc5 36. Bd3 Qe5 37. Qxa6 Qd5+ 38. b3 Ra8 39. Rf1 Rxa6+ 40. Bxa6 Qa5+ 0-1

[Event "GER-ch Youth-U18w 2023"]
[Site "Willingen"]
[Date "2023.05.28"]
[Round "1.8"]
[White "Kalina, Lena"]
[Black "Evering, Enna"]
[Result "0-1"]
[Annotator "NA"]
[ECO "E90"]
[WhiteElo "1776"]
[BlackElo "1548"]
[PlyCount "28"]
[EventDate "2022.06.05"]
[EventType "swiss"]
[EventRounds "9"]
[EventCountry "GER"]
[SourceTitle "playchess.com"]
[Source "ChessBase"]
[SourceQuality "1"]
[TimeControl "40/4500+30:900+30"]

1. c4 Nf6 2. Nc3 g6 3. Nf3 Bg7 4. e4 c5 5. d4 d6 6. dxc5 dxc5 7. Qxd8+ Kxd8 8. Bf4 Nh5 9. Rd1+ Nd7 10. Be3 Bxc3+ 11. bxc3 Ke8 12. e5 f6 13. e6 Nb6 14. Bxc5 Bxe6 0-1

[Event "GER-ch Youth-U18w 2023"]
[Site "Willingen"]
[Date "2023.05.28"]
[Round "1.9"]
[White "Foltin, Alica"]
[Black "Werner, Rosalie"]
[Result "1-0"]
[Annotator "NA RC"]
[ECO "B23"]
[WhiteElo "1540"]
[BlackElo "1751"]
[PlyCount "122"]
[EventDate "2022.06.05"]
[EventType "swiss"]
[EventRounds "9"]
[EventCountry "GER"]
[SourceTitle "playchess.com"]
[Source "ChessBase"]
[SourceQuality "1"]
[TimeControl "40/4500+30:900+30"]

1. e4 c5 2. Nc3 Nc6 3. f4 g6 4. Nf3 Bg7 5. Bb5 Nd4 6. O-O Nxb5 7. Nxb5 d5 8. d3 dxe4 9. dxe4 a6 10. Qxd8+ Kxd8 11. Rd1+ Bd7 12. Na3 Kc7 13. Nc4 Be6 14. Ne3 Rd8 15. Rxd8 Kxd8 16. Ng5 h6 17. Nxe6+ fxe6 18. e5 g5 19. g3 gxf4 20. gxf4 h5 21. Bd2 Kc7 22. Nc4 b6 23. Kf2 Nh6 24. Rg1 Nf5 25. Rg6 Rh6 26. Rg5 Rh7 27. c3 Kb7 28. Ne3 Nxe3 29. Bxe3 Kc6 30. c4 Bf8 31. Kg3 h4+ 32. Kh3 b5 33. b3 a5 34. Rg4 bxc4 35. bxc4 a4 36. Rxh4 Rg7 37. Rh8 Rf7 38. Kg4 Rf5 39. Rh5 Rf7 40. Rg5 Rh7 41. h4 Bh6 42. Rg6 Kd7 43. Bxc5 Bxf4 44. Kxf4 Rxh4+ 45. Rg4 Rh2 46. a3 Re2 47. Rg7 Rc2 48. Rxe7+ Kc6 49. Bd6 Rxc4+ 50. Kg5 Kd5 51. Ra7 Kc6 52. Kf6 Rh4 53. Kxe6 Rh6+ 54. Kf5 Rh5+ 55. Kg4 Rh1 56. Rxa4 Kd5 57. Kf5 Rh5+ 58. Kg6 Rh1 59. Rf4 Rg1+ 60. Kf6 Rh1 61. a4 Ra1 1-0

[Event "GER-ch Youth-U18w 2023"]
[Site "Willingen"]
[Date "2023.05.28"]
[Round "1.10"]
[White "Adelhardt, Lisa"]
[Black "Gossing, Marie-Sophie"]
[Result "1-0"]
[Annotator "NA RC"]
[ECO "C42"]
[WhiteElo "1656"]
[BlackElo "1395"]
[PlyCount "22"]
[EventDate "2022.06.05"]
[EventType "swiss"]
[EventRounds "9"]
[EventCountry "GER"]
[SourceTitle "playchess.com"]
[Source "ChessBase"]
[SourceQuality "1"]
[TimeControl "40/4500+30:900+30"]

1. e4 e5 2. Nf3 Nf6 3. Nxe5 d6 4. Nd3 Nxe4 5. Qe2 Qe7 6. Nf4 Nf6 7. Nc3 c6 8. d4 Bf5 9. Qxe7+ Bxe7 10. Bd3 Bxd3 11. Nxd3 O-O 1-0

[Event "GER-ch Youth-U18w 2023"]
[Site "Willingen"]
[Date "2023.05.28"]
[Round "1.11"]
[White "Kieckbusch, Lotta"]
[Black "Albayrak, Nese Pinar"]
[Result "0-1"]
[Annotator "NA"]
[ECO "C45"]
[WhiteElo "1308"]
[BlackElo "1763"]
[PlyCount "27"]
[EventDate "2022.06.05"]
[EventType "swiss"]
[EventRounds "9"]
[EventCountry "GER"]
[SourceTitle "playchess.com"]
[Source "ChessBase"]
[SourceQuality "1"]
[TimeControl "40/4500+30:900+30"]

1. e4 e5 2. Nf3 Nc6 3. d4 exd4 4. Nxd4 Bc5 5. Be3 Qf6 6. c3 Nge7 7. Bc4 O-O 8. O-O Ne5 9. Be2 Qg6 10. f3 d5 11. Nd2 Bb6 12. Kh1 Rd8 13. Qc2 c5 14. Bf4 0-1

[Event "GER-ch Youth-U18w 2023"]
[Site "Willingen"]
[Date "2023.05.28"]
[Round "1.12"]
[White "Cordes, Jule"]
[Black "Avetyan, Manan"]
[Result "1-0"]
[Annotator "NA RC"]
[ECO "D36"]
[WhiteElo "1744"]
[BlackElo "1368"]
[PlyCount "26"]
[EventDate "2022.06.05"]
[EventType "swiss"]
[EventRounds "9"]
[EventCountry "GER"]
[SourceTitle "playchess.com"]
[Source "ChessBase"]
[SourceQuality "1"]
[TimeControl "40/4500+30:900+30"]

1. d4 d5 2. c4 e6 3. Nc3 Nf6 4. Bg5 Nbd7 5. e3 Be7 6. Qc2 O-O 7. cxd5 exd5 8. Bd3 c6 9. Nf3 Re8 10. O-O Nf8 11. Ne5 Ng4 12. Bxe7 Qxe7 13. Nf3 Nh6 1-0

[Event "GER-ch Youth-U18w 2023"]
[Site "Willingen"]
[Date "2023.05.28"]
[Round "2.1"]
[White "Doll, Rebecca"]
[Black "Kalina, Lena"]
[Result "1-0"]
[Annotator "NA RC"]
[ECO "B90"]
[WhiteElo "1918"]
[BlackElo "1776"]
[PlyCount "42"]
[EventDate "2022.06.05"]
[EventType "swiss"]
[EventRounds "9"]
[EventCountry "GER"]
[SourceTitle "playchess.com"]
[Source "ChessBase"]
[SourceQuality "1"]
[TimeControl "40/4500+30:900+30"]

1. e4 c5 2. Nf3 d6 3. d4 cxd4 4. Nxd4 Nf6 5. Nc3 a6 6. Bd3 e5 7. Nde2 Be7 8. O-O O-O 9. Ng3 Nbd7 10. Nf5 Nc5 11. Nxe7+ Qxe7 12. Bg5 Qe6 13. Bxf6 Qxf6 14. Bc4 b5 15. Bd5 Rb8 16. a3 Rd8 17. Na2 Bb7 18. f3 Qg5 19. Bxb7 Rxb7 20. Nb4 Rbd7 21. Nd5 Ne6 1-0

[Event "GER-ch Youth-U18w 2023"]
[Site "Willingen"]
[Date "2023.05.28"]
[Round "2.2"]
[White "Wagner, Margarethe"]
[Black "Heutling, Elina"]
[Result "1-0"]
[Annotator "NA RC"]
[ECO "C78"]
[WhiteElo "1831"]
[BlackElo "1878"]
[PlyCount "45"]
[EventDate "2022.06.05"]
[EventType "swiss"]
[EventRounds "9"]
[EventCountry "GER"]
[SourceTitle "playchess.com"]
[Source "ChessBase"]
[SourceQuality "1"]
[TimeControl "40/4500+30:900+30"]

1. e4 e5 2. Nf3 Nc6 3. Bb5 a6 4. Ba4 Bc5 5. c3 b5 6. Bb3 Bb6 7. O-O d6 8. a4 Bb7 9. d4 h6 10. Re1 Nf6 11. Be3 Ng4 12. Nbd2 Nxe3 13. fxe3 O-O 14. Rf1 Kh8 15. Qe1 f5 16. Nh4 Ne7 17. exf5 Rf6 18. Qg3 c5 19. dxe5 dxe5 20. Rad1 c4 21. Nxc4 Qc7 22. Nxe5 Nc6 23. Rd7 1-0

[Event "GER-ch Youth-U18w 2023"]
[Site "Willingen"]
[Date "2023.05.28"]
[Round "2.3"]
[White "Groeschel, Karoline"]
[Black "Adelhardt, Lisa"]
[Result "1-0"]
[Annotator "NA RC"]
[ECO "B36"]
[WhiteElo "1892"]
[BlackElo "1656"]
[PlyCount "55"]
[EventDate "2022.06.05"]
[EventType "swiss"]
[EventRounds "9"]
[EventCountry "GER"]
[SourceTitle "playchess.com"]
[Source "ChessBase"]
[SourceQuality "1"]
[TimeControl "40/4500+30:900+30"]

1. e4 c5 2. Nf3 Nc6 3. d4 cxd4 4. Nxd4 g6 5. c4 Nf6 6. Nc3 Nxd4 7. Qxd4 d6 8. Be2 Bg7 9. Be3 O-O 10. Qd2 a5 11. O-O a4 12. Rac1 Qa5 13. b3 axb3 14. axb3 Be6 15. h3 Rfc8 16. f4 Nd7 17. f5 gxf5 18. exf5 Bxc3 19. Qxc3 Bxf5 20. b4 Qe5 21. Qxe5 Nxe5 22. Rxf5 Ra2 23. Rf2 Rb2 24. b5 Rb4 25. Rf4 Rb3 26. Kf2 Rb2 27. Rd4 Ra8 28. Rd2 1-0

[Event "GER-ch Youth-U18w 2023"]
[Site "Willingen"]
[Date "2023.05.28"]
[Round "2.4"]
[White "Albayrak, Nese Pinar"]
[Black "Peglau, Mirjam"]
[Result "1/2-1/2"]
[Annotator "NA RC"]
[ECO "C06"]
[WhiteElo "1763"]
[BlackElo "1932"]
[PlyCount "40"]
[EventDate "2022.06.05"]
[EventType "swiss"]
[EventRounds "9"]
[EventCountry "GER"]
[SourceTitle "playchess.com"]
[Source "ChessBase"]
[SourceQuality "1"]
[TimeControl "40/4500+30:900+30"]

1. e4 e6 2. d4 d5 3. Nd2 Nf6 4. e5 Nfd7 5. Bd3 c5 6. c3 Nc6 7. Ne2 Qb6 8. Nf3 f6 9. exf6 Nxf6 10. O-O Bd6 11. Bf4 Bxf4 12. Nxf4 O-O 13. Ng5 Nd8 14. Re1 cxd4 15. Nxh7 Nxh7 16. Bxh7+ Kxh7 17. Qh5+ Kg8 18. Ng6 Re8 19. Qh8+ Kf7 20. Ne5+ Ke7 1/2-1/2

[Event "GER-ch Youth-U18w 2023"]
[Site "Willingen"]
[Date "2023.05.28"]
[Round "2.5"]
[White "Cordes, Jule"]
[Black "Buchholz, Maja Patricia"]
[Result "1-0"]
[Annotator "NA RC"]
[ECO "B14"]
[WhiteElo "1744"]
[BlackElo "1899"]
[PlyCount "89"]
[EventDate "2022.06.05"]
[EventType "swiss"]
[EventRounds "9"]
[EventCountry "GER"]
[SourceTitle "playchess.com"]
[Source "ChessBase"]
[SourceQuality "1"]
[TimeControl "40/4500+30:900+30"]

1. d4 Nf6 2. c4 g6 3. Nc3 Bg7 4. Nf3 O-O 5. Bg5 c5 6. e3 cxd4 7. exd4 d5 8. Bxf6 Bxf6 9. Nxd5 Bg7 10. Be2 Nc6 11. O-O e6 12. Nc3 Nxd4 13. Nxd4 Bxd4 14. Bf3 Qf6 15. Rc1 Rb8 16. Qe2 Bd7 17. Rfd1 Bc6 18. Rd3 Rfe8 19. b3 Be5 20. g3 Bd4 21. Ne4 Qg7 22. Nd6 Red8 23. Bxc6 Rxd6 24. Bf3 Rbd8 25. Rcd1 b6 26. Kg2 Qf6 27. a4 a5 28. Qd2 e5 29. Bd5 Kg7 30. Rf3 Qe7 31. Rxf7+ Qxf7 32. Bxf7 Kxf7 33. Qc2 Rf6 34. Rf1 Kg7 35. Qe4 g5 36. f3 Rdf8 37. Qg4 Kg6 38. h4 h6 39. hxg5 h5 40. Qh4 Rf5 41. Qe4 Kxg5 42. f4+ Kh6 43. Rd1 R8f6 44. fxe5 Bxe5 45. Rd7 1-0

[Event "GER-ch Youth-U18w 2023"]
[Site "Willingen"]
[Date "2023.05.28"]
[Round "2.6"]
[White "Reuter, Elisa"]
[Black "Foltin, Alica"]
[Result "1-0"]
[Annotator "NA RC"]
[ECO "C41"]
[WhiteElo "1944"]
[BlackElo "1540"]
[PlyCount "68"]
[EventDate "2022.06.05"]
[EventType "swiss"]
[EventRounds "9"]
[EventCountry "GER"]
[SourceTitle "playchess.com"]
[Source "ChessBase"]
[SourceQuality "1"]
[TimeControl "40/4500+30:900+30"]

1. e4 d6 2. d4 Nf6 3. Nc3 Nbd7 4. Be3 e5 5. h3 Be7 6. Nf3 c6 7. a4 b6 8. Be2 O-O 9. O-O Bb7 10. Bd3 Qc7 11. Qe2 a6 12. b3 Rfe8 13. dxe5 dxe5 14. Na2 Bc5 15. Bd2 Nh5 16. Kh1 Nf4 17. Bxf4 exf4 18. Rae1 b5 19. c3 Bb6 20. Bc2 Re7 21. b4 bxa4 22. Qd3 Ne5 23. Nxe5 Qxe5 24. c4 Rd8 25. Qc3 Bd4 26. Qf3 c5 27. Re2 f5 28. Rfe1 cxb4 29. Nxb4 Qd6 30. Nd5 Bxd5 31. exd5 Rxe2 32. Rxe2 a3 33. Bxf5 Bb2 34. Bb1 Rb8 1-0

[Event "GER-ch Youth-U18w 2023"]
[Site "Willingen"]
[Date "2023.05.28"]
[Round "2.7"]
[White "Werner, Rosalie"]
[Black "Derling, Charlotte"]
[Result "1-0"]
[Annotator "NA RC"]
[ECO "B76"]
[WhiteElo "1751"]
[BlackElo "1664"]
[PlyCount "38"]
[EventDate "2022.06.05"]
[EventType "swiss"]
[EventRounds "9"]
[EventCountry "GER"]
[SourceTitle "playchess.com"]
[Source "ChessBase"]
[SourceQuality "1"]
[TimeControl "40/4500+30:900+30"]

1. e4 c5 2. Nf3 d6 3. d4 cxd4 4. Nxd4 Nf6 5. Nc3 g6 6. Be3 Bg7 7. f3 Nc6 8. Qd2 Bd7 9. O-O-O O-O 10. g4 Qa5 11. h4 h5 12. Nb3 Qd8 13. gxh5 Nxh5 14. Bh6 a5 15. Bxg7 Kxg7 16. Be2 a4 17. Nd4 Qb6 18. Nf5+ Bxf5 19. exf5 Qc5 1-0

[Event "GER-ch Youth-U18w 2023"]
[Site "Willingen"]
[Date "2023.05.28"]
[Round "2.8"]
[White "Evering, Enna"]
[Black "Petersen, Sophie"]
[Result "1-0"]
[Annotator "NA RC"]
[ECO "B90"]
[WhiteElo "1548"]
[BlackElo "1763"]
[PlyCount "39"]
[EventDate "2022.06.05"]
[EventType "swiss"]
[EventRounds "9"]
[EventCountry "GER"]
[SourceTitle "playchess.com"]
[Source "ChessBase"]
[SourceQuality "1"]
[TimeControl "40/4500+30:900+30"]

1. e4 c5 2. Nf3 d6 3. d4 cxd4 4. Nxd4 Nf6 5. Nc3 a6 6. a3 e5 7. Nf5 Nxe4 8. Nxg7+ Bxg7 9. Nxe4 d5 10. Ng5 h6 11. Nf3 Nc6 12. c4 Be6 13. cxd5 Bxd5 14. Be3 O-O 15. Be2 Be6 16. Qc1 Rc8 17. Qb1 f5 18. O-O Qf6 19. Rc1 e4 20. Rxc6 1-0

[Event "GER-ch Youth-U18w 2023"]
[Site "Willingen"]
[Date "2023.05.28"]
[Round "2.9"]
[White "Henninger, Claire"]
[Black "Hafermann, Lara"]
[Result "0-1"]
[Annotator "NA"]
[ECO "C50"]
[WhiteElo "1610"]
[BlackElo "1498"]
[PlyCount "59"]
[EventDate "2022.06.05"]
[EventType "swiss"]
[EventRounds "9"]
[EventCountry "GER"]
[SourceTitle "playchess.com"]
[Source "ChessBase"]
[SourceQuality "1"]
[TimeControl "40/4500+30:900+30"]

1. e4 e5 2. Nf3 Nc6 3. Bc4 Bc5 4. d3 Nf6 5. Nc3 d6 6. h3 a6 7. Bg5 h6 8. Bh4 Na5 9. Nd5 c6 10. Nxf6+ gxf6 11. Nd2 h5 12. Qf3 Rh6 13. a3 Nxc4 14. Nxc4 b5 15. Ne3 Be6 16. Nf1 Ke7 17. Ng3 Qh8 18. Nf5+ Bxf5 19. exf5 Kd7 20. O-O-O Qg7 21. Rhe1 Rg8 22. g3 Rhh8 23. c3 Qh6+ 24. Kb1 Re8 25. Re2 d5 26. Rc2 Rb8 27. d4 Bd6 28. dxe5 fxe5 29. f6 Qg6 30. Qe3 0-1

[Event "GER-ch Youth-U18w 2023"]
[Site "Willingen"]
[Date "2023.05.28"]
[Round "2.10"]
[White "Gossing, Marie-Sophie"]
[Black "Glowiak, Alexandra"]
[Result "0-1"]
[Annotator "NA RC"]
[ECO "C56"]
[WhiteElo "1395"]
[BlackElo "1660"]
[PlyCount "88"]
[EventDate "2022.06.05"]
[EventType "swiss"]
[EventRounds "9"]
[EventCountry "GER"]
[SourceTitle "playchess.com"]
[Source "ChessBase"]
[SourceQuality "1"]
[TimeControl "40/4500+30:900+30"]

1. e4 e5 2. Nf3 Nc6 3. Bc4 Bc5 4. c3 Nf6 5. d4 exd4 6. O-O d5 7. exd5 Nxd5 8. Re1+ Nce7 9. b4 Bb6 10. Bg5 f6 11. Bh4 c6 12. Nxd4 O-O 13. Bg3 Kh8 14. Nc2 Bf5 15. Nd4 Nxc3 16. Nxc3 Bxd4 17. Rc1 Bxc3 18. Qxd8 Rfxd8 19. Rxc3 Nd5 20. Rb3 Re8 21. Rc1 Bg6 22. b5 a6 23. bxa6 bxa6 24. Rb2 Rec8 25. Re2 h6 26. Bb3 a5 27. a4 Nb4 28. f3 Bd3 29. Rd2 Re8 30. Rc3 Bg6 31. Rd7 Red8 32. Rxd8+ Rxd8 33. Bc7 Ra8 34. Bd6 Be8 35. Rc4 Nd5 36. Rc5 Nb4 37. Rc3 Nd5 38. Rc5 Nb6 39. Kf2 g5 40. Bc7 Ra6 41. Bc2 Kg7 42. Bd8 Bd7 43. Ke1 Be8 44. Kd1 Nd5 0-1

[Event "GER-ch Youth-U18w 2023"]
[Site "Willingen"]
[Date "2023.05.28"]
[Round "2.11"]
[White "Zoellner, Bente"]
[Black "Kieckbusch, Lotta"]
[Result "1-0"]
[Annotator "NA RC"]
[ECO "A91"]
[WhiteElo "1700"]
[BlackElo "1308"]
[PlyCount "64"]
[EventDate "2022.06.05"]
[EventType "swiss"]
[EventRounds "9"]
[EventCountry "GER"]
[SourceTitle "playchess.com"]
[Source "ChessBase"]
[SourceQuality "1"]
[TimeControl "40/4500+30:900+30"]

1. d4 d5 2. c4 e6 3. Nc3 f5 4. g3 Nf6 5. Bg2 Be7 6. Nh3 O-O 7. Nf4 c6 8. O-O Kh8 9. b3 Ne4 10. Qc2 g5 11. Nd3 Nd7 12. a4 b6 13. Ba3 Nd6 14. Nb1 Bb7 15. Nd2 Ne4 16. Bxe7 Qxe7 17. Nf3 c5 18. Nde5 Nxe5 19. Nxe5 cxd4 20. Qd3 dxc4 21. Qxd4 Qg7 22. bxc4 Rad8 23. Nf7+ Rxf7 24. Qxd8+ Rf8 25. Qd3 Qe7 26. Rfd1 Nc5 27. Qd6 Qf7 28. Qe5+ Kg8 29. Ra2 Ba6 30. Qc3 f4 31. a5 Qf5 32. axb6 axb6 1-0

[Event "GER-ch Youth-U18w 2023"]
[Site "Willingen"]
[Date "2023.05.28"]
[Round "2.12"]
[White "Dohon, Maria-Johanna"]
[Black "Avetyan, Manan"]
[Result "1/2-1/2"]
[Annotator "NA RC"]
[ECO "E85"]
[WhiteElo "1507"]
[BlackElo "1368"]
[PlyCount "43"]
[EventDate "2022.06.05"]
[EventType "swiss"]
[EventRounds "9"]
[EventCountry "GER"]
[SourceTitle "playchess.com"]
[Source "ChessBase"]
[SourceQuality "1"]
[TimeControl "40/4500+30:900+30"]

1. d4 Nf6 2. c4 g6 3. Nc3 Bg7 4. e4 d6 5. f3 O-O 6. Be3 e5 7. Nge2 Nc6 8. Qd2 Ne7 9. d5 Nd7 10. g4 Nb6 11. Ng3 f5 12. gxf5 gxf5 13. Bh6 Ng6 14. Bxg7 Kxg7 15. Bd3 fxe4 16. fxe4 Bg4 17. Nf5+ Kh8 18. Qh6 Bxf5 19. exf5 Nf4 20. Be4 Rf6 21. Qh4 Nxc4 22. Nd1 1/2-1/2

[Event "GER-ch Youth-U18w 2023"]
[Site "Willingen"]
[Date "2023.05.29"]
[Round "3.1"]
[White "Groeschel, Karoline"]
[Black "Doll, Rebecca"]
[Result "1-0"]
[Annotator "NA RC"]
[ECO "C92"]
[WhiteElo "1892"]
[BlackElo "1918"]
[PlyCount "122"]
[EventDate "2022.06.05"]
[EventType "swiss"]
[EventRounds "9"]
[EventCountry "GER"]
[SourceTitle "playchess.com"]
[Source "ChessBase"]
[SourceQuality "1"]
[TimeControl "40/4500+30:900+30"]

1. e4 e5 2. Nf3 Nc6 3. Bb5 a6 4. Ba4 Nf6 5. O-O Be7 6. Re1 b5 7. Bb3 d6 8. c3 O-O 9. h3 Bb7 10. d4 Re8 11. Nbd2 Bf8 12. a4 Na5 13. Bc2 b4 14. d5 bxc3 15. bxc3 c6 16. c4 Qc7 17. Bd3 Reb8 18. Nf1 h6 19. Be3 Bc8 20. N3d2 Rb4 21. Qc2 Rab8 22. Reb1 c5 23. f4 Nd7 24. f5 Be7 25. Nh2 Qd8 26. Nhf3 Nf8 27. Rxb4 Rxb4 28. Rb1 Qb6 29. Rxb4 Qxb4 30. Nb1 Qb3 31. Qxb3 Nxb3 32. Bc2 Nd4 33. Bd1 Nd7 34. a5 Nf6 35. Bxd4 cxd4 36. Bc2 Bd8 37. c5 dxc5 38. Nxe5 Bxa5 39. Nc6 d3 40. Bxd3 c4 41. Nxa5 cxd3 42. Nd2 Kf8 43. Kf2 Bd7 44. Ke3 Bb5 45. Nac4 Ke7 46. Kxd3 a5 47. Kd4 a4 48. g4 Nd7 49. e5 Ba6 50. d6+ Ke8 51. e6 Nf6 52. Ne5 fxe6 53. fxe6 Bb7 54. Kc5 Bd5 55. d7+ Ke7 56. Nc6+ Bxc6 57. Kxc6 a3 58. h4 g5 59. h5 a2 60. Nb3 Kd8 61. Kd6 Ne4+ 1-0

[Event "GER-ch Youth-U18w 2023"]
[Site "Willingen"]
[Date "2023.05.29"]
[Round "3.2"]
[White "Heutling, Elina"]
[Black "Cordes, Jule"]
[Result "1-0"]
[Annotator "NA RC"]
[ECO "C11"]
[WhiteElo "1878"]
[BlackElo "1744"]
[PlyCount "71"]
[EventDate "2022.06.05"]
[EventType "swiss"]
[EventRounds "9"]
[EventCountry "GER"]
[SourceTitle "playchess.com"]
[Source "ChessBase"]
[SourceQuality "1"]
[TimeControl "40/4500+30:900+30"]

1. e4 e6 2. d4 d5 3. Nc3 Nf6 4. e5 Nfd7 5. Nce2 c5 6. c3 Nc6 7. Nf3 cxd4 8. cxd4 f6 9. Nf4 Bb4+ 10. Bd2 Qe7 11. Bxb4 Qxb4+ 12. Qd2 Ke7 13. Qxb4+ Nxb4 14. Kd2 Nb6 15. b3 Bd7 16. Nd3 Nxd3 17. Bxd3 Rac8 18. Rac1 Be8 19. Rxc8 Nxc8 20. Rc1 Kd8 21. Nh4 Ne7 22. exf6 gxf6 23. Re1 Kd7 24. g3 Ng6 25. Ng2 Kd6 26. f4 f5 27. Rc1 Bd7 28. Ke3 Ne7 29. Nh4 Ng8 30. Nf3 Nf6 31. Ne5 Rf8 32. h3 Ne4 33. g4 fxg4 34. hxg4 Nf6 35. Rh1 Rh8 36. Nf7+ 1-0